 Dungeon Crawl Stone Soup version 0.19-a0-599-g723c685 (webtiles) character file.

546 namelastname112 the Bolt Thrower (level 7, -11/60 HPs)
             Began as a Minotaur Hunter on June 11, 2016.
             Mangled by an ogre zombie
             ... wielding a +0 giant club
             ... animated by the malice of Kikubaaqudgha
              (16 damage)
             ... on level 4 of the Dungeon.
             The game lasted 00:04:50 (2968 turns).

namelastname112 the Bolt Thrower (Minotaur Hunter)  Turns: 2968, Time: 00:04:50

Health: -11/60     AC: 10    Str: 19    XL:     7   Next: 6%
Magic:  6/6        EV:  9    Int:  8    God:
Gold:   110        SH:  0    Dex: 10    Spells: 0 memorised, 6 levels left

rFire  . . .     SeeInvis .     b - +0 short sword
rCold  . . .     Gourm    .     t - +0 chain mail
rNeg   . . .     Faith    .     (no shield)
rPois  .         Spirit   .     (helmet restricted)
rElec  .         Dismiss  .     (no cloak)
rCorr  .         Reflect  .     r - +0 pair of gloves
SustAt .         Harm     .     (no boots)
MR     .....                    (no amulet)
Stlth  ..........               (no ring)
                                (no ring)

@: not resistant to hostile enchantments, extremely unstealthy
A: retaliatory headbutt, horns 2
a: no special abilities


You were on level 4 of the Dungeon.
You were not hungry.

You visited 1 branch of the dungeon, and saw 4 of its levels.
You also visited: Sewer.

You collected 110 gold pieces.

Inventory:

Hand Weapons
 a - a +1 hand crossbow
 b - a +0 short sword (weapon)
Missiles
 d - 20 bolts
Armour
 r - a +0 pair of gloves (worn)
 t - a +0 chain mail (worn)
Scrolls
 e - 2 scrolls of blinking {unknown}
 h - 2 scrolls of teleportation {unknown}
 i - a scroll of enchant weapon {unknown}
 j - a scroll of enchant armour {unknown}
 k - 3 scrolls of identify {unknown}
 n - 3 scrolls of remove curse {unknown}
 p - a scroll of amnesia {unknown}
 q - a scroll of immolation {unknown}
 s - a scroll of recharging {unknown}
 y - a scroll of fear {unknown}
Potions
 c - a potion of agility {unknown}
 l - a potion of cure mutation
 u - a potion of curing {unknown}
 v - a potion of heal wounds {unknown}
 w - 3 potions of brilliance {unknown}
 x - a potion of haste {unknown}
 A - a potion of invisibility {unknown}
 B - a potion of mutation {unknown}
 C - a potion of might {unknown}
Books
 m - Kikubaaqudgha's Disquisition on Black Rites
   (Kikubaaqudgha gifted it to you on level 2 of the Dungeon)

   Spells                             Type                      Level
   a - Pain                           Necromancy                   1
   b - Corpse Rot                     Necromancy                   2
   c - Sublimation of Blood           Necromancy                   2
   d - Regeneration                   Charms/Necromancy            3
   e - Control Undead                 Necromancy                   4
Comestibles
 f - 2 bread rations
 g - a meat ration
 o - a slice of pizza
 z - 2 beef jerkies
 D - 7 chunks of flesh


   Skills:
 + Level 4.9 Fighting
 * Level 6.7 Crossbows
 + Level 3.6 Armour
 + Level 4.1 Dodging
 - Level 0.7 Stealth


You had 6 spell levels left.
You didn't know any spells.

Dungeon Overview and Level Annotations

Branches:
Dungeon (4/15)
 Temple: D:4-7

Altars:
Gozag
Kikubaaqudgha
Pakellas
Uskayaw
Zin


Innate Abilities, Weirdness & Mutations

You reflexively headbutt those who attack you in melee.
You have a pair of horns on your head.


Message History

You take 15 damage, and have 20/60 hp.
MASSIVE DAMAGE!!
You hit the ogre zombie. You headbutt the ogre zombie.
The quokka zombie bites you but does no damage.
The ogre zombie hits you but does no damage.
You hit the ogre zombie. The quokka zombie barely misses you.
You hit the quokka zombie.
The ogre zombie hits you with a giant club!
* * * LOW HITPOINT WARNING * * *
The quokka zombie bites you.
* * * LOW HITPOINT WARNING * * *
You take 13 damage, and have 7/60 hp.
MASSIVE DAMAGE!!
You hit the quokka zombie. Your headbutt misses the quokka zombie.
The quokka zombie barely misses you.
The ogre zombie hits you but does no damage.
You barely miss the quokka zombie. The quokka zombie closely misses you.
It was a potion of cure mutation.
It has a very clean taste.
The quokka zombie bites you.
* * * LOW HITPOINT WARNING * * *
The ogre zombie hits you with a giant club!
You die...

###.###
#..(..#
#.#.#.# #.#(#
# #.#(# #.#Z#
#.#Z# #.#Z#
#.#@# #.#Z#
####.#.#######
#.............
#.......######
#.......#
#......)#
#.......#
####'######


You could see a quokka zombie, an orc zombie, an orc zombie and an ogre zombie.

Vanquished Creatures
  2 ogres (D:4)
  2 howler monkeys (D:4)
  The ghost of Xiguana the Ruffian, a weakling VSMo (D:3)
  An orc priest (D:4)
  An orc wizard (D:3)
  A centaur skeleton (D:4)
  A howler monkey zombie (D:4)
  9 adders
  2 oozes
  An adder skeleton (D:4)
  A worm (D:2)
  A dart slug (D:1)
  9 orcs
  5 ball pythons
  4 giant cockroaches
  2 goblins
  6 hobgoblins
  4 jackals (D:1)
  10 kobolds
  4 quokkas
  7 bats
  10 giant newts
  A jackal zombie (D:4)
  2 kobold zombies (D:4)
  An orc skeleton (D:4)
  8 rats
96 creatures vanquished.

Notes
Turn   | Place    | Note
--------------------------------------------------------------
     0 | D:1      | namelastname112 the Minotaur Hunter began the quest for the Orb.
     0 | D:1      | Reached XP level 1. HP: 18/18 MP: 0/0
     0 | D:1      | jacquesderrida: Da
     0 | D:1      | jacquesderrida: zbs
     0 | D:1      | epen: sps NAMIR!!!!
     0 | D:1      | jacquesderrida: sps
    38 | D:1      | jacquesderrida: pasibchek
   132 | D:1      | Reached skill level 1 in Armour
   132 | D:1      | Reached XP level 2. HP: 23/25 MP: 1/1
   133 | D:1      | jacquesderrida: 44 boltera srazoo
   138 | D:1      | jacquesderrida: nais
   310 | D:1      | jacquesderrida: ebat
   310 | D:1      | Reached XP level 3. HP: 10/30 MP: 2/2
   562 | D:1      | epen: jaq
   620 | D:1      | epen: davai memov
   633 | D:1      | jacquesderrida: eto tak
   767 | D:1      | jacquesderrida: davai
   846 | D:2      | jacquesderrida: ya soglasin
   869 | D:2      | Found a faded altar of an unknown god.
   924 | D:2      | epen: https://www.youtube.com/watch?v=zwFC626lRT4
  1164 | D:2      | jacquesderrida: MAM TROGA PLIS
  1171 | D:2      | Reached skill level 5 in Crossbows
  1173 | D:2      | Found an oddly glowing altar of Pakellas.
  1244 | D:2      | Found a hide-covered altar of Uskayaw.
  1268 | D:2      | epen: слыш
  1340 | D:2      | epen: го алтарь
  1363 | D:2      | epen: вон
  1373 | D:2      | Reached XP level 4. HP: 37/38 MP: 3/3
  1398 | D:2      | jacquesderrida: NE!
  1449 | D:2      | epen: Имя
  1564 | D:2      | epen: один хуй минотавер
  1669 | D:2      | epen: всё нормально будет
  1678 | D:2      | Became a worshipper of Kikubaaqudgha
  1678 | D:2      | Reached * piety under Kikubaaqudgha
  1678 | D:2      | Received a gift from Kikubaaqudgha
  1678 | D:2      | Fell from the grace of Kikubaaqudgha
  1679 | D:2      | Identified Kikubaaqudgha's Disquisition on Black Rites (Kikubaaqudgha gifted it to you on level 2 of the Dungeon)
  1712 | D:3      | epen: lel
  1746 | D:3      | Found a glowing drain.
  1751 | Sewer    | Entered a sewer
  1773 | Sewer    | epen: а какой у него гнев?
  1848 | Sewer    | Reached XP level 5. HP: 29/45 MP: 4/4
  1942 | Sewer    | Liquid: мискасты некромантии
  2303 | D:3      | Noticed Xiguana's ghost (weakling VSMo)
  2311 | D:3      | Killed Xiguana's ghost
  2313 | D:3      | Found an opulent altar of Gozag.
  2485 | D:3      | Found a glowing silver altar of Zin.
  2736 | D:3      | epen: а может зину взять?
  2774 | D:4      | epen: станешь паладином
  2795 | D:4      | Reached XP level 6. HP: 51/53 MP: 5/5
  2796 | D:4      | Reached skill level 6 in Crossbows
  2926 | D:4      | Reached XP level 7. HP: 34/60 MP: 6/6
  2968 | D:4      | epen: о
  2968 | D:4      | Mangled by an ogre zombie

Vault maps used:
D:1:      minmay_arrival_shattered_statue, minmay_strange_pillars,
          lemuel_old_faithful
D:2:      grunt_pakellas_mercury, marbit_many_paths, ecumenical_altar_1,
          serial_forest, infiniplex_forest_straight_1,
          infiniplex_forest_clump_small, infiniplex_forest_clump_small,
          infiniplex_forest_clump_cross, infiniplex_forest_clump_double,
          infiniplex_forest_clump_diagonal, infiniplex_forest_clump_diagonal,
          infiniplex_forest_corner_1, infiniplex_forest_straight_4
D:3:      grunt_gozag_breadcrumbs, nicolae_overflow_crystal_walls,
          gup_sewer_entry_bowl
D:4:      lemuel_doored_altar, lemuel_crystal_altar
Sewer:    sewer_co_cracked_pipes

Skill      XL: |  1  2  3  4  5  6 |
---------------+-------------------+-----
Armour         | 1 2 3 |  3.6
Fighting       | 3 4 |  4.9
Crossbows      | 5 6 |  6.7
Dodging        | 3 4 |  4.1
Stealth        | |  0.7

Action                   |  1- 3 |  4- 6 |  7- 9 || total
-------------------------+-------+-------+-------++-------
Melee: Short sword       |    98 |   177 |    26 ||   301
       Headbutt          |    13 |    30 |     6 ||    49
 Fire: Hand crossbow     |       |    29 |       ||    29
Invok: Renounce Religion |       |     1 |       ||     1
  Use: Potion            |       |       |     1 ||     1
  Eat: Chunk             |     1 |     6 |       ||     7
Armor: Leather armour    |     7 |       |       ||     7
       Ring mail         |    15 |     7 |       ||    22
       Chain mail        |       |   117 |    18 ||   135
Dodge: Dodged            |    64 |   105 |    11 ||   180
